 Dungeon Crawl Stone Soup version 0.20.1-1-g8b1a95d (webtiles) character file.

34 empire the Shield-Bearer (level 3, -4/33 HPs)
             Began as a Minotaur Fighter on Aug 10, 2017.
             Slain by a goblin (5 damage)
             ... led by Robin
             ... on level 2 of the Dungeon.
             The game lasted 00:01:21 (727 turns).

empire the Shield-Bearer (Minotaur Fighter)          Turns: 727, Time: 00:01:23

Health: -4/33      AC:  7    Str: 23 (25) XL:     3   Next: 14%
Magic:  2/2        EV:  8    Int:  4 (5)  God:
Gold:   20         SH:  9    Dex:  9 (10) Spells: 2/2 levels left

rFire    . . .     SeeInvis .   a - +0 long sword
rCold    . . .     Gourm    .   c - +0 shield
rNeg     . . .     Faith    .   b - +0 scale mail
rPois    .         Spirit   .   (helmet restricted)
rElec    .         Reflect  .   (no cloak)
rCorr    .         Harm     .   (no gloves)
MR       .....                  (no boots)
Stlth    ..........             (no amulet)
Regen    0.2/turn               (no ring)
MPRegen  0.1/turn               (no ring)

@: mighty
A: retaliatory headbutt, horns 2
a: no special abilities


You were on level 2 of the Dungeon.
You were not hungry.

You visited 1 branch of the dungeon, and saw 2 of its levels.

You collected 20 gold pieces.

Inventory:

Hand Weapons
 a - a +0 long sword (weapon)
Armour
 b - a +0 scale mail (worn)
 c - a +0 shield (worn)
Scrolls
 i - a scroll of magic mapping {unknown}
 j - a scroll of teleportation {unknown}
 n - a scroll of remove curse {unknown}
 o - a scroll of noise {unknown}
Potions
 e - a potion of haste {unknown}
 g - a potion of berserk rage {unknown}
 k - a potion of degeneration
 l - a potion of flight {unknown}
 m - a potion of agility {unknown}
Comestibles
 f - a bread ration
 h - a royal jelly


   Skills:
 + Level 3.7 Fighting
 + Level 3.1 Long Blades
 + Level 3.9 Armour
 + Level 1.3 Dodging
 + Level 4.1 Shields


You had 2 spell levels left.
You didn't know any spells.

Dungeon Overview and Level Annotations

Branches:
Dungeon (2/15)

Altars:

Annotations:
D:2 Robin


Innate Abilities, Weirdness & Mutations

You reflexively headbutt those who attack you in melee.
You have a pair of horns on your head.


Message History

You closely miss the goblin. You block the goblin's attack.
The hobgoblin closely misses you.
You riposte.
You hit the hobgoblin but do no damage.
The hobgoblin is heavily wounded.
You block the hobgoblin's attack. You block the goblin's attack.
The goblin closely misses you.
Your shield and scale mail prevent you from hitting the goblin.
Your headbutt misses the goblin. You block the hobgoblin's attack.
The hobgoblin hits you.
* * * LOW HITPOINT WARNING * * *
The goblin closely misses you. You block the goblin's attack.
The hobgoblin barely misses you.
You riposte.
You slash the hobgoblin!
You kill the hobgoblin!
It was a potion of degeneration.
There was something very wrong with that liquid.
You feel weakened.
You feel dopey.
You feel clumsy.
The goblin no longer looks unusually strong.
Robin throws the goblin at you! You block the goblin's attack.
The goblin closely misses you. The goblin hits you.
You die...

###########
#..........
#######g#†..##
.gg.ggg@g....#
#######g#...##
#.....#
####....
####.. #


You could see Robin, 2 hobgoblins and 5 goblins.

Vanquished Creatures
  2 dart slugs
  A leopard gecko (D:1)
  A bat (D:1)
  A giant cockroach (D:1)
  4 goblins
  7 hobgoblins
  2 jackals (D:1)
  6 frilled lizards (D:1)
  A kobold (D:1)
  2 rats (D:1)
27 creatures vanquished.

Notes
Turn   | Place    | Note
-------+----------+-------------------------------------------
     0 | D:1      | empire the Minotaur Fighter began the quest for the Orb.
     0 | D:1      | Reached XP level 1. HP: 19/19 MP: 0/0
     2 | D:1      | Noticed a halfling
     2 | D:1      | Noticed a gargoyle
     4 | D:1      | Noticed a human
     6 | D:1      | Noticed a minotaur
     8 | D:1      | Noticed a dwarf
     8 | D:1      | Noticed a centaur
    10 | D:1      | Noticed a troll
    10 | D:1      | Noticed a naga
    12 | D:1      | Noticed a spriggan
    12 | D:1      | Noticed a draconian
    14 | D:1      | Noticed a felid
    14 | D:1      | Noticed an ogre
    16 | D:1      | Noticed a ghoul
    18 | D:1      | Noticed an elf
    18 | D:1      | Noticed a formicid
    20 | D:1      | Noticed a vampire
    20 | D:1      | Noticed a merfolk
    22 | D:1      | Noticed a tengu
    22 | D:1      | Noticed a demonspawn
    24 | D:1      | Noticed an octopode
    26 | D:1      | Noticed a vine stalker
    26 | D:1      | Noticed a demigod
    93 | D:1      | Reached XP level 2. HP: 26/26 MP: 1/1
   343 | D:1      | Reached skill level 1 in Dodging
   497 | D:1      | Reached skill level 4 in Shields
   714 | D:2      | Reached XP level 3. HP: 27/31 MP: 2/2
   715 | D:2      | Noticed Robin
   726 | D:2      | HP: 1/33 [hobgoblin[Robin] (2)]
   727 | D:2      | Slain by a goblin

Skill      XL: |  1  2 |
---------------+-------+-----
Long Blades    | 3 |  3.1
Dodging        | 1 |  1.3
Shields        | 4 |  4.1
Fighting       | |  3.7
Armour         | |  3.9

Action                   || total
-------------------------++-------
Melee: Long sword        ||    58
       Headbutt          ||     8
  Use: Potion            ||     2
Armor: Scale mail        ||    27
Dodge: Dodged            ||    27
Block: Shield            ||    40
       Rpst.: Long sword ||     8
